Map: Prion Terraces

Players

Soulkey

  • Race: Zerg Zerg
  • League: Grandmaster

llllllllllll - Winner!

  • Race: Protoss Protoss
  • League: Grandmaster

VOD

Have the link to the VOD?

Description

Time

  • Played on: Nov. 20, 2015, 9:52 p.m.
  • Length: 10:55
Show
View Real Time Build Order
Export as new Build Order

Soulkey Zerg 

Build Orders: Pool First 

Get SALT Encoding   

  12  0:19  Spawning Pool  
  11  0:22  Drone  
  11  0:26  Drone  
  13  0:30  Drone  
  14  0:40  Overlord  
  14  1:06  Zergling x6  
  17  1:17  Zergling x2  
  18  1:28  Drone, Queen  
  21  1:35  Hatchery  
  20  1:41  Drone  
  21  1:49  Overlord  
  21  2:02  Drone  
  22  2:08  Extractor  
  22  2:12  Drone  
  22  2:20  Queen  
  24  2:37  Drone  
  24  2:38  Drone x3  
  29  2:57  Hatchery  
  28  3:05  Hatchery  
  27  3:10  Drone x3  
  29  3:21  Metabolic Boost  
  29  3:25  Overlord  
  29  3:35  Overlord  
  29  3:45  Drone x3  
  32  4:01  Drone x3  
  32  4:02  Roach Warren  
  34  4:07  Extractor  
  34  4:09  Zergling x2  
  35  4:10  Zergling x2  
  36  4:17  Zergling x4  
  36  4:22  Zergling x2  
  38  4:29  Extractor  
  37  4:32  Zergling x4  
  37  4:33  Zergling x6  
  37  4:38  Zergling x2  
  43  4:49  Roach x2  
  43  4:50  Roach  
  46  4:53  Overlord  
  46  5:01  Roach x3  
  46  5:06  Overlord  
  50  5:20  Roach x3  
  56  5:22  Zergling x2  
  57  5:32  Roach x2  
  61  5:36  Ravager x2  
  61  5:41  Ravager  
  64  5:44  Zergling x6  
  67  6:10  Roach  
  67  6:14  Overlord x2  
  62  6:26  Roach x3  
  57  6:40  Roach x2  
  57  6:41  Ravager, Roach  
  57  6:42  Zergling x4  
  57  6:43  Zergling x8  
  64  6:55  Roach x4  
  70  7:03  Roach x2  
  66  7:29  Roach x2, Zergling x2  
  65  7:30  Zergling x6  
  65  7:35  Ravager  
  65  7:38  Ravager  
  66  7:47  Roach, Zergling x4  
  70  7:53  Roach x2  
  74  8:04  Roach x2  
  78  8:18  Roach x2  
  80  8:23  Roach, Zergling x2  
  80  8:24  Overlord x2  
  83  8:36  Zergling x2  
  84  8:43  Roach x2  
  84  8:44  Zergling x6  
  84  8:46  Ravager  
  88  8:57  Roach  
  88  8:58  Roach, Zergling x8  
  80  9:09  Ravager, Zergling x2  
  70  9:10  Zergling x4  
  70  9:15  Ravager  
  71  9:19  Zergling x4  
Show
View Real Time Build Order
Export as new Build Order

llllllllllll Protoss - Winner!

Build Orders:  

Get SALT Encoding   

  12  0:01  Probe (Chrono Boost)  
  13  0:11  Probe (Chrono Boost)  
  14  0:17  Pylon  
  14  0:22  Probe (Chrono Boost)  
  16  0:35  Probe (Chrono Boost)  
  16  0:46  Probe (Chrono Boost)  
  17  0:56  Probe (Chrono Boost)  
  18  1:06  Nexus  
  18  1:07  Probe (Chrono Boost)  
  19  1:15  Gateway  
  19  1:17  Probe (Chrono Boost)  
  20  1:28  Probe (Chrono Boost)  
  20  1:30  Gateway  
  21  1:37  Pylon  
  21  1:40  Probe (Chrono Boost)  
  22  1:51  Pylon  
  22  1:55  Forge  
  22  2:02  Zealot (Chrono Boost)  
  25  2:14  Pylon  
  26  2:23  Zealot (Chrono Boost)  
  26  2:27  Zealot (Chrono Boost)  
  28  2:33  Photon Cannon  
  28  2:34  Photon Cannon  
  28  2:35  Pylon  
  28  2:36  Pylon  
  28  2:40  Gateway  
  28  2:54  Nexus  
  28  3:00  Cybernetics Core, Pylon, Assimilator  
  28  3:01  Probe  
  28  3:02  Assimilator  
  28  3:13  Probe  
  29  3:21  Zealot (Chrono Boost)  
  29  3:23  Zealot (Chrono Boost)  
  29  3:25  Probe  
  34  3:34  Gateway  
  34  3:36  Warp Gate (Chrono Boost)  
  34  3:37  Probe  
  35  3:50  Probe  
  35  3:52  Adept (Chrono Boost)  
  40  3:56  Adept (Chrono Boost)  
  40  4:00  Pylon  
  40  4:02  Probe  
  41  4:06  Mothership Core  
  43  4:14  Probe  
  44  4:25  Probe  
  44  4:26  Probe  
  46  4:35  Twilight Council  
  46  4:36  Probe  
  46  4:38  Probe  
  48  4:46  Probe  
  48  4:50  Probe  
  44  4:55  Protoss Ground Armor Level 1 (Chrono Boost)  
  44  4:57  Probe  
  41  5:02  Probe  
  42  5:08  Probe  
  43  5:14  Probe  
  43  5:15  Resonating Glaives (Chrono Boost)  
  43  5:19  Gateway x2  
  43  5:21  Probe  
  45  5:26  Probe  
  45  5:27  Pylon  
  46  5:31  Pylon  
  46  5:33  Probe  
  47  5:38  Probe, Adept x2  
  47  5:39  Adept  
  54  5:45  Probe  
  54  5:46  Pylon  
  55  5:50  Probe  
  56  5:57  Probe  
  56  6:02  Adept x3  
  56  6:03  Probe  
  63  6:15  Pylon  
  63  6:16  Pylon  
  63  6:18  Pylon  
  63  6:20  Assimilator  
  63  6:21  Assimilator  
  63  6:25  Adept x2  
  57  6:39  Stalker x2  
  52  6:40  Stalker  
  52  6:42  Probe x2  
  47  6:54  Probe  
  47  6:56  Adept x2  
  47  7:00  Mothership Core  
  46  7:04  Stalker x3  
  46  7:06  Probe  
  48  7:18  Adept x2  
  48  7:19  Probe  
  52  7:29  Adept x2  
  50  7:34  Probe  
  50  7:36  Probe  
  52  7:37  Pylon  
  52  7:41  Adept x2  
  56  7:46  Probe  
  58  7:58  Adept x2  
  61  8:03  Stalker  
  61  8:04  Stalker  
  65  8:08  Pylon  
  65  8:20  Adept x2  
  65  8:24  Protoss Ground Weapons Level 1 (Chrono Boost)  
  65  8:27  Adept x2  
  73  8:39  Robotics Facility  
  73  8:40  Adept  
  75  8:42  Adept  
  71  8:59  Sentry x2  
  59  9:08  Adept  
  59  9:09  Adept  
  57  9:19  Gateway  
  57  9:20  Adept  
  59  9:26  Adept  
  57  9:33  Immortal (Chrono Boost)  
  57  9:34  Adept x2  
  63  9:44  Stalker  
  63  9:58  Stalker x3  
  63  10:08  Immortal (Chrono Boost)  
  63  10:12  Pylon  
  63  10:13  Pylon  
  63  10:22  Stalker  
  63  10:23  Stalker x2  
  63  10:24  Sentry  
Tags
 
Add a new tag
Caveats
  • Supply blocks, unpowered buildings, or Contaminate may cause inaccurate times.
  • Supply counts are checked every 10 seconds.